 Dungeon Crawl Stone Soup version 0.25-a0-488-g03579ab4a3 (webtiles) character file.

Game seed: 11050779132748392831, levelgen mode: deterministic

74 Error4North the Shield-Bearer (level 4, -2/40 HPs)
             Began as a Hill Orc Fighter on Feb 11, 2020.
             Slain by a gnoll
             ... wielding a +0 flail
              (5 damage)
             ... on level 2 of the Dungeon.
             The game lasted 00:03:16 (1090 turns).

Error4North the Shield-Bearer (Hill Orc Fighter)    Turns: 1090, Time: 00:03:16

Health: -2/40      AC:  8    Str: 18    XL:     4   Next: 30%
Magic:  4/4        EV:  7    Int:  9    God:
Gold:   71         SH:  9    Dex: 10    Spells: 4/4 levels left

rFire    . . .     SeeInvis .   a - +0 war axe
rCold    . . .     Gourm    .   c - +0 kite shield
rNeg     . . .     Faith    .   b - +0 scale mail
rPois    .         Spirit   .   (no helmet)
rElec    .         Reflect  .   (no cloak)
rCorr    .         Harm     .   q - +0 pair of gloves
MR       .....                  (no boots)
Stlth    ..........             g - amulet of inaccuracy (curse)
HPRegen  0.13/turn              (no ring)
MPRegen  0.09/turn              (no ring)

@: no status effects
A: no striking features
a: no special abilities


You were on level 2 of the Dungeon.
You were not hungry.

You visited 1 branch of the dungeon, and saw 2 of its levels.

You collected 71 gold pieces.

Inventory:

Hand Weapons
 a - a +0 war axe (weapon)
Armour
 b - a +0 scale mail (worn)
 c - a +0 kite shield (worn)
 q - a +0 pair of gloves (worn)
Jewellery
 g - a cursed amulet of inaccuracy (around neck)
 t - an uncursed amulet of guardian spirit {unknown}
Scrolls
 e - a scroll of enchant weapon {unknown}
 i - a scroll of enchant armour {unknown}
 j - a scroll of magic mapping {unknown}
 l - a scroll of blinking {unknown}
 o - a scroll of identify {unknown}
 s - a scroll of immolation {unknown}
Potions
 d - 2 potions of might
 h - 2 potions of heal wounds {unknown}
 k - a potion of resistance {unknown}
 m - a potion of degeneration {unknown}
 n - 2 potions of flight {unknown}
 r - a potion of curing {unknown}
Comestibles
 f - 4 rations
 p - 4 chunks of flesh


   Skills:
 * Level 3.9 Fighting
 + Level 3.6 Axes
 * Level 3.7 Armour
 + Level 0.1 Dodging
 * Level 4.3 Shields
 * Level 0.5 Spellcasting


You had 4 spell levels left.
You didn't know any spells.
Your spell library was empty.

Dungeon Overview and Level Annotations

Branches:
Dungeon (2/15)

Altars:
Xom


Message History

The gnoll hits you but does no damage. You block the gnoll's attack.
The kobold barely misses you.
Unknown command.
You barely miss the gnoll.
The gnoll is moderately wounded.
You hit the gnoll.
You kill the gnoll!
Your shield and scale mail prevent you from hitting the kobold.
You block the gnoll's attack. The kobold hits you but does no damage.
Unknown command.
You closely miss the gnoll.
The gnoll is moderately wounded.
You slash the kobold!
You kill the kobold!
You block the gnoll's attack.
Unknown command.
You hit the gnoll.
The gnoll is severely wounded.
The gnoll hits you with a +0 flail.
You die...

####### ######
##.....##.....#
##..............
#...............
#............... ###
#...............
#.###.......)g......
##....†>((.(.@)......
##..###.......))....!.
#..## ##..............
###.###
##.....##...^^^
......###########
#..^_^ ..###....##
...^^ .....###..###
.... .............
.... #..####......


You could see a gnoll.

Vanquished Creatures
  3 gnolls (D:2)
  An ooze (D:1)
  A worm (D:2)
  A dart slug (D:1)
  4 giant cockroaches
  4 goblins
  5 hobgoblins
  6 kobolds
  6 bats (D:1)
  3 frilled lizards (D:2)
  4 rats (D:1)
38 creatures vanquished.

Notes
Turn   | Place    | Note
-------+----------+-------------------------------------------
     0 | D:1      | Error4North the Hill Orc Fighter began the quest for the
                  | Orb.
     0 | D:1      | Reached XP level 1. HP: 19/19 MP: 1/1
   109 | D:1      | Reached XP level 2. HP: 17/27 MP: 2/2
   605 | D:1      | Reached skill level 4 in Shields
   880 | D:1      | Reached XP level 3. HP: 28/33 MP: 3/3
  1067 | D:2      | Found a shimmering altar of Xom.
  1077 | D:2      | Reached XP level 4. HP: 20/40 MP: 4/4
  1090 | D:2      | Slain by a gnoll

Levels and vault maps discovered:
D:1:      minmay_arrival_widening_spiral_wide, layout_loops_ring
D:2:      layout_rooms, xom_teletrap_fun, uniq_natasha

Skill      XL: |  1  2  3 |
---------------+----------+-----
Shields        | 4 |  4.3
Axes           | 3 |  3.6
Fighting       | |  3.9
Armour         | |  3.7
Dodging        | |  0.1
Spellcasting   | |  0.5

Action                   |  1- 3 |  4- 6 || total
-------------------------+-------+-------++-------
Melee: War axe           |    91 |    13 ||   104
  Eat: Chunk             |     1 |       ||     1
Armor: Scale mail        |    63 |    10 ||    73
Dodge: Dodged            |    28 |     9 ||    37
Block: Kite shield       |    48 |    18 ||    66

Table legend:
 A = Non-vault XP
 B = Vault XP
 C = Vault XP percentage of total XP
 D = Non-vault monster count
 E = Vault monster count
 F = Vault count percentage of total count
                 A         B        C        D         E       F
            +---------+---------+-------+---------+---------+-------
      Total |     107 |       0 |   0.0 |      38 |       0 |   0.0
            +---------+---------+-------+---------+---------+-------
        D:1 |      37 |       0 |   0.0 |      21 |       0 |   0.0
        D:2 |      70 |       0 |   0.0 |      17 |       0 |   0.0
            +---------+---------+-------+---------+---------+-------
